 Dungeon Crawl Stone Soup version 0.24.0-37-gcf1ca852f1 (webtiles) character file.

Game seed: 10972680109035849020, levelgen mode: deterministic

65 Mesmaeker13 the Chiller (level 4, -1/33 HPs)
             Began as a Ghoul Ice Elementalist on Dec 2, 2019.
             Slain by Crazy Yiuf
             ... wielding a +4 quarterstaff of chaos
              (7 damage)
             ... while paralysed by Crazy Yiuf
             ... on level 2 of the Dungeon.
             The game lasted 00:03:08 (1816 turns).

Mesmaeker13 the Chiller (Ghoul Ice Elementalist)    Turns: 1816, Time: 00:03:09

Health: -1/33      AC:  2    Str: 11    XL:     4   Next: 14%
Magic:  5/6        EV:  2    Int: 11    God:
Gold:   80         SH:  0    Dex:  9    Spells: 5/8 levels left

rFire    . . .     SeeInvis .   n - -1 mace (curse)
rCold    + . .     Gourm    .   (no shield)
rNeg     + + +     Faith    .   a - +0 robe
rPois    ∞         Spirit   .   (no helmet)
rElec    .         Reflect  .   (no cloak)
rCorr    .         Harm     .   (no gloves)
MR       .....                  (no boots)
Stlth    ++........             (no amulet)
HPRegen  0.00/turn              (no ring)
MPRegen  0.10/turn              (no ring)

@: paralysed, very slightly contaminated, rotting, invisible
A: rotting body, claws 1, carnivore, cold resistance 1, negative energy
resistance 3, inhibited regeneration, torment resistance, unbreathing
a: no special abilities


You were on level 2 of the Dungeon.
You were not hungry.

You visited 1 branch of the dungeon, and saw 2 of its levels.

You collected 80 gold pieces.

Inventory:

Hand Weapons
 j - a +0 hand axe
 n - a cursed -1 mace (weapon)
Missiles
 l - 4 boomerangs of dispersal (quivered)
Armour
 a - a +0 robe (worn)
Scrolls
 g - a scroll of remove curse {unknown}
 h - a scroll of blinking {unknown}
 i - 2 scrolls of identify {unknown}
 k - a scroll of enchant weapon {unknown}
Potions
 b - a potion of curing {unknown}
 d - 2 potions of agility {unknown}
 e - a potion of lignification {unknown}
 f - a potion of might {unknown}
 m - 2 potions of invisibility {unknown}
Comestibles
 c - 2 rations


   Skills:
 + Level 2.6 Dodging
 - Level 2.1 Stealth
 + Level 2.5 Spellcasting
 - Level 0.7 Conjurations
 + Level 4.1 Ice Magic


You had 5 spell levels left.
You knew the following spells:

 Your Spells              Type           Power        Failure   Level  Hunger
a - Freeze                Ice            ##..         4%          1    ##.....
b - Throw Frost           Conj/Ice       #.....       16%         2    ###....

Your spell library contained the following spells:

 Spells                   Type           Power        Failure   Level  Hunger
 Ozocubu's Armour         Chrm/Ice       #.......     34%         3    ####...
 Throw Icicle             Conj/Ice       #.......     71%         4    #####..
 Summon Ice Beast         Ice/Summ       #.......     75%         4    #####..


Dungeon Overview and Level Annotations

Branches:
Dungeon (2/15)

Altars:
Fedhas

Annotations:
D:2 Crazy Yiuf


Innate Abilities, Weirdness & Mutations

Your body is rotting away.
You thrive on raw meat.
You are immune to poison.
You have sharp fingernails.
You are carnivorous and can eat meat at any time.
Your flesh is cold resistant. (rC+)
You are immune to negative energy. (rN+++)
You do not regenerate when monsters are visible.
You are immune to unholy pain and torment.
You can survive without breathing.


Message History

Aiming: Freeze (safe; 4% risk of failure)
Press: ? - help, Shift-Dir - straight line, f - Crazy Yiuf
Aim: Crazy Yiuf, wielding a +4 quarterstaff of chaos and wearing a +0 cloak You freeze Crazy Yiuf.
Crazy Yiuf is lightly wounded.
Crazy Yiuf hits you but does no damage.
You suddenly lose the ability to move!
Crazy Yiuf cries, "Two!"
Crazy Yiuf hits you with a +4 quarterstaff of chaos.
Crazy Yiuf burns you.
Crazy Yiuf laughs, "Ghoul!
Lay snail sallow."
Crazy Yiuf hits you with a +4 quarterstaff of chaos!
Crazy Yiuf freezes you.
Crazy Yiuf hits you with a +4 quarterstaff of chaos.
Crazy Yiuf burns you.
Crazy Yiuf hits you with a +4 quarterstaff of chaos!
* * * LOW HITPOINT WARNING * * *
You fade into invisibility!
You are very lightly contaminated with residual magic.
Crazy Yiuf hits you with a +4 quarterstaff of chaos!
You die...

###########.####.####.#
### ####...# ###.#
##### #.###### #).)#
##.##... #)))# ##...#.#
))) #......### #g#
#........# ♣@♣♣
#......#.### ♣♣.♣
##...>)....# ♣)♣♣
##..#.#.#.# ♣♣)♣
##.....#.# ♣♣)♣♣
.....###.# ♣♣..)♣
####### #.# ♣....♣ #.#
##..## #### #.#
#....###..# #.#


You could see Crazy Yiuf.

Vanquished Creatures
  2 adders
  A worm (D:2)
  A dart slug (D:1)
  2 leopard geckos (D:1)
  4 giant cockroaches
  7 hobgoblins
  2 jackals (D:1)
  A quokka (D:2)
  4 bats
  3 frilled lizards
  3 goblins
  7 kobolds
  4 rats
41 creatures vanquished.

Notes
Turn   | Place    | Note
-------+----------+-------------------------------------------
     0 | D:1      | Mesmaeker13 the Ghoul Ice Elementalist began the quest for
                  | the Orb.
     0 | D:1      | Reached XP level 1. HP: 14/14 MP: 2/2
   117 | D:1      | Reached XP level 2. HP: 14/20 MP: 0/4
   767 | D:1      | Reached XP level 3. HP: 26/26 MP: 2/5
   977 | D:2      | Learned a level 2 spell: Throw Frost
  1510 | D:2      | Found a blossoming altar of Fedhas.
  1522 | D:2      | Reached skill level 4 in Ice Magic
  1727 | D:2      | Reached XP level 4. HP: 21/33 MP: 0/6
  1803 | D:2      | Found a runed translucent door.
  1804 | D:2      | Noticed Crazy Yiuf
  1810 | D:2      | Paralysed by Crazy Yiuf for 7 turns
  1816 | D:2      | Slain by Crazy Yiuf

Levels and vault maps discovered:
D:1:      scummos_arrival_hexagon, layout_basic, minmay_hedge_maze
D:2:      layout_loops_ring, nicolae_overflow_hidden_temple, fedhas_altar_1,
          fountainhead, uniq_crazy_yiuf_cottage

Skill      XL: |  1  2  3 |
---------------+----------+-----
Dodging        | 2 |  2.6
Spellcasting   | 2 |  2.5
Ice Magic      | 4 |  4.1
Stealth        | |  2.1
Conjurations   | |  0.7

Action                   |  1- 3 |  4- 6 || total
-------------------------+-------+-------++-------
Melee: Unarmed           |    40 |       ||    40
       Hand axe          |    10 |       ||    10
Throw: Boomerang         |     1 |       ||     1
 Cast: Freeze            |    61 |     2 ||    63
  Eat: Chunk             |    27 |     5 ||    32
Armor: Robe              |    13 |       ||    13
Dodge: Dodged            |    65 |       ||    65
